 Dungeon Crawl Stone Soup version 0.30.0-7-g0c4daa9e05 (webtiles) character file.

Game seed: 2489194858202177511

284 KamiKatze the Conjurer (level 6, -6/32 HPs)
             Began as a Deep Elf Conjurer on May 13, 2023.
             Mangled by an ogre
             ... wielding a +0 giant club
              (9 damage)
             ... on level 4 of the Dungeon.
             The game lasted 00:10:09 (2907 turns).

KamiKatze the Conjurer (Deep Elf Conjurer)          Turns: 2907, Time: 00:10:09

Health: -6/32      AC:  3    Str:  4    XL:     6   Next: 7%
Magic:  9/14       EV: 12    Int: 25    God:
Gold:   161        SH:  0    Dex: 13    Spells: 10/13 levels left

rFire   + . .        n - +0 short sword
rCold   . . .        (no shield)
rNeg    . . .        a - +0 robe
rPois   +            (no helmet)
rElec   .            (no cloak)
rCorr   .            u - +0 pair of gloves
SInv    .            (no boots)
Will    .....        (no amulet)
Stlth   ++           d - ring of protection from fire
HPRegen 0.25/turn    x - ring of poison resistance
MPRegen 0.14/turn

%: no passive effects
@: no status effects
A: no striking features
a: no special abilities


You were on level 4 of the Dungeon.
You visited 1 branch of the dungeon, and saw 4 of its levels.

You collected 161 gold pieces.

Inventory:

Hand Weapons
 n - a +0 short sword (weapon)
Missiles
 q - 2 poisoned darts
Armour
 a - a +0 robe (worn)
 u - a +0 pair of gloves (worn)
Jewellery
 d - a ring of protection from fire (left hand)
 o - a ring of fire
 x - a ring of poison resistance (right hand)
Scrolls
 c - 4 scrolls of enchant weapon {unknown}
 f - 3 scrolls of identify
 g - 2 scrolls of vulnerability {unknown}
 i - a scroll of brand weapon {unknown}
 j - a scroll of immolation {unknown}
 l - 2 scrolls of enchant armour {unknown}
 p - a scroll of amnesia {unknown}
 r - 2 scrolls of teleportation {unknown}
 s - a scroll of magic mapping
 t - 2 scrolls of fear {unknown}
Potions
 b - a potion of magic
 e - a potion of cancellation
 h - 2 potions of flight {unknown}
 k - a potion of invisibility {unknown}
 m - a potion of haste {unknown}
 v - a potion of brilliance {unknown}
 w - a potion of heal wounds {unknown}
 z - 2 potions of curing {unknown}


   Skills:
 + Level 1.7 Throwing
 - Level 3.0 Dodging
 - Level 3.0 Stealth
 * Level 4.4 Spellcasting
 * Level 5.2 Conjurations
 * Level 3.0 Hexes
 * Level 2.6 Translocations
 + Level 1.4 Evocations


You had 10 spell levels left.
You knew the following spells:

 Your Spells              Type           Power      Damage    Failure   Level
a - Magic Dart            Conj           100%       1d8       1%          1
b - Searing Ray           Conj           62%        2d6       1%          2

Your spell library contained the following spells:

 Spells                   Type           Power      Damage    Failure   Level
 Shock                    Conj/Air       72%        1d7       3%          1
 Dazzling Flash           Conj/Hex       52%        N/A       4%          3
 Freeze                   Ice            20%        1d4       9%          1
 Hailstorm                Conj/Ice       18%        3d6       9%          3
 Fulminant Prism          Conj/Hex       13%        3d8       16%         4
 Iskenderun's Mystic Bla  Conj/Tloc      25%        2d7       17%         4
 Frozen Ramparts          Ice            10%        1d2       26%         3
 Swiftness                Air            5%         N/A       26%         3
 Airstrike                Air            2%         2d(1-17)  65%         4


Dungeon Overview and Level Annotations

Branches:
Dungeon (4/15)
 Temple: D:4-7

Altars:
Elyvilon
Hepliaklqana
Kikubaaqudgha
Sif Muna
Trog
Yredelemnul

Annotations:
D:1 dig w:1
D:2 1 runed translucent door | w:2 dig, exclusion: door, Crazy Yiuf
D:3 2 transporters, destino's ghost, amateur DrTm


Message History

You open the door.
There is an open door here.
There is an escape hatch in the ceiling here.
Partly explored, unvisited transporter.
There is a stone staircase leading down here.
You climb downwards.
You hear the sound of rushing water.
There is an entrance to a sewer on this level.
Hurry and find it before the portal rusts away!
Found a dagger and 35 gold pieces.
Found a bloodstained altar of Trog.
Found a stone staircase leading up.
There is a stone staircase leading up here.
Casting: Searing Ray (safe; 1% risk of failure)
Confirm with . or Enter, or press ? or * to list all spells.
Aiming: Searing Ray (safe; 1% risk of failure)
Press: ? - help, Shift-Dir - straight line, f - ogre
Aim: an ogre, wielding a +0 giant club (asleep, 100% to hit)
The searing ray hits the ogre!
The ogre is moderately wounded.
The ogre shouts! (Press . to maintain the ray.)
The ogre hits you with a +0 giant club.
The searing ray misses the ogre.
The searing ray misses the ogre.
The scorpion stings you but does no damage.
The ogre closely misses you.
The searing ray hits the ogre!
The ogre is heavily wounded.
You finish channelling your searing ray.
The scorpion stings you.
The ogre hits you with a +0 giant club!!
Ouch! That really hurt!
* * * LOW HITPOINT WARNING * * *
As you read the scroll labelled COQUYRCHU QEIP, it crumbles to dust.
It is a scroll of identify.
e - a potion of cancellation The scorpion barely misses you.
The scorpion misses you.
As you read the scroll labelled CONTEKHASTRO, it crumbles to dust.
You feel aware of your surroundings.
You sensed 2 altars, and 1 shop/portal.
It was a scroll of magic mapping.
The ogre hits you with a +0 giant club!
You die...

*****,,,,,,,,,,**,*,*,,****
*..........#***,*,,******
*..........#*,,,*,,,,,,,,
*..........#*,***,,,*****
*..........#*,* *,,,* *
*.........<#*,***,,,* *
*..........#*,*,,,,,*
*.......s.)#*,****,**
*......O@..#*,,,,,,*
*..........#******,*
*..........#* *,*
*...........#*****+******
*...#######...,,,,,,,,,,,
*.#.#...$.#....,,>,,,,,**
*...#...$.#.....,,,,,,,*
*$#.#.._.$#.....,,,,,,,*
*,,,*,,,,,*,,,,,,,,,,,,*


You could see an ogre and a scorpion.

Vanquished Creatures
  2 scorpions (D:3)
  An orc priest (D:3)
  Terence (D:2)
  4 adders
  4 dart slugs
  3 orcs (D:3)
  4 ball pythons
  7 endoplasms
  6 giant cockroaches
  4 hobgoblins
  A jackal (D:3)
  5 quokkas
  4 bats
  4 frilled lizards
  3 goblins (D:2)
  5 kobolds
  4 rats
  A spectral orc (D:3)
63 creatures vanquished.

Notes
Turn   | Place    | Note
-------+----------+-------------------------------------------
     0 | D:1      | KamiKatze the Deep Elf Conjurer began the quest for the
                  | Orb.
     0 | D:1      | Reached XP level 1. HP: 10/10 MP: 6/6
   438 | D:1      | Reached XP level 2. HP: 15/15 MP: 4/8
   441 | D:1      | Learned a level 2 spell: Searing Ray
   861 | D:2      | Reached skill level 1 in Hexes
   870 | D:2      | Reached skill level 1 in Translocations
   911 | D:2      | Reached skill level 1 in Throwing
   911 | D:2      | Reached XP level 3. HP: 16/19 MP: 0/9
   968 | D:2      | Noticed Terence
  1259 | D:2      | Found a runed translucent door.
  1260 | D:2      | Noticed Crazy Yiuf
  1987 | D:3      | Reached XP level 4. HP: 24/24 MP: 5/11
  2004 | D:3      | Found a hazy altar of Hepliaklqana.
  2015 | D:3      | Noticed a scorpion
  2050 | D:3      | Found a basalt altar of Yredelemnul.
  2184 | D:3      | Killed a scorpion
  2185 | D:3      | Reached skill level 1 in Evocations
  2185 | D:3      | Reached XP level 5. HP: 28/28 MP: 6/12
  2291 | D:3      | Found a white marble altar of Elyvilon.
  2338 | D:3      | Found a transporter.
  2354 | D:3      | Found an ancient bone altar of Kikubaaqudgha.
  2375 | D:3      | Noticed destino's ghost (amateur DrTm)
  2430 | D:3      | Reached skill level 5 in Conjurations
  2503 | D:3      | Found a shimmering blue altar of Sif Muna.
  2515 | D:3      | Found a transporter.
  2686 | D:2      | Killed Terence
  2687 | D:2      | Reached XP level 6. HP: 9/32 MP: 4/14
  2901 | D:4      | Found a bloodstained altar of Trog.
  2907 | D:4      | Mangled by an ogre

Illustrated notes

Levels and vault maps discovered:
D:1:      dpeg_arrival_chambers_temple_mockup, layout_basic, minmay_statues_item
D:2:      layout_loops_cross, columned_hall_lemuel,
          chequers_serial_rivers_marsh, minivault_19, item_on_display_a,
          uniq_terence, uniq_crazy_yiuf_cottage
D:3:      minmay_evil_eye, layout_basic, nicolae_hepliaklqana_hazy_memory,
          nicolae_sif_muna_little_library, kiku_gazebo_garden_becter,
          mainiacjoe_overflow_24_doors, yredelemnul_forgotten_temple_becter,
          gammafunk_ghost_stat_death
D:4:      wander_river, layout_basic, lemuel_doored_altar,
          amcnicky_altar_gilded, kennysheep_little_box,
          cheibrodos_sewer_entry_drain

Skill      XL: |  1  2  3  4  5 |
---------------+----------------+-----
Hexes          | 1 2 3 |  3.0
Translocations | 1 2 |  2.6
Throwing       | 1 |  1.7
Dodging        | 3 |  3.0
Stealth        | 3 |  3.0
Evocations     | 1 |  1.4
Spellcasting   | 4 |  4.4
Conjurations   | 5 |  5.2

Action                     |  1- 3 |  4- 6 || total
---------------------------+-------+-------++-------
  Melee: Short sword       |     6 |       ||     6
   Cast: Magic Dart        |    93 |    24 ||   117
         Searing Ray       |       |    10 ||    10
    Use: Scroll            |       |     2 ||     2
 Armour: Robe              |     2 |     2 ||     4
  Dodge: Dodged            |     9 |    15 ||    24
